 Dungeon Crawl Stone Soup version 0.29.0-4-gdea44cf6ec (webtiles) character file.

Game seed: 16895522404769222632

16 qw the Sneak (level 2, -2/23 HPs)
             Began as a Ghoul Enchanter on Sept 4, 2022.
             Slain by a gnoll
             ... wielding a +0 halberd
              (4 damage)
             ... on level 2 of the Dungeon.
             The game lasted 00:00:23 (1174 turns).

qw the Sneak (Ghoul Enchanter)                      Turns: 1174, Time: 00:00:24

Health: -2/23      AC:  9    Str: 11    XL:     2   Next: 58%
Magic:  3/3        EV:  5    Int: 10    God:
Gold:   51         SH:  0    Dex:  9    Spells: 4/4 levels left

rFire   . . .      SeeInvis .     - Unarmed
rCold   + . .      Faith    .   (no shield)
rNeg    + + +      Spirit   .   g - +0 chain mail
rPois   inf        Reflect  .   (no helmet)
rElec   .          Harm     .   f - +0 cloak
rCorr   .          Rampage  .   (no gloves)
Will    .....                   (no boots)
Stlth   ..........              (no amulet)
HPRegen 0.00/turn               (no ring)
MPRegen 0.08/turn               (no ring)

@: inhibited regen
A: claws 1, cold resistance 1, negative energy resistance 3, inhibited
regeneration, torment resistance 2, devour on kill
a: no special abilities


You were on level 2 of the Dungeon.
You visited 1 branch of the dungeon, and saw 2 of its levels.

You collected 51 gold pieces.


Innate Abilities, Weirdness & Mutations

You are immune to poison.
You have sharp fingernails.
Your flesh is cold resistant. (rC+)
You are immune to negative energy. (rN+++)
You do not regenerate when monsters are visible.
You are immune to unholy pain and torment.
You thrive by killing the living.


   Skills:
 - Level 1.0 Fighting
 - Level 0.8 Short Blades
 - Level 1.7 Dodging
 - Level 3.2 Stealth
 + Level 2.0 Unarmed Combat
 - Level 1.7 Spellcasting
 - Level 2.4 Hexes


You had 4 spell levels left.
You didn't know any spells.
Your spell library contained the following spells:

 Spells                   Type           Power      Damage    Failure   Level
 Ensorcelled Hibernation  Hex/Ice        6%         N/A       100%        2
 Confusing Touch          Hex            5%         N/A       100%        3
 Dazzling Flash           Conj/Hex       6%         N/A       100%        3
 Tukima's Dance           Hex            5%         N/A       100%        3

Inventory:

Armour
 f - a +0 cloak (worn)
 g - a +0 chain mail (worn)

Dungeon Overview and Level Annotations

Branches:
Dungeon (2/15)

Altars:


Message History

You feel your willpower return.
The hobgoblin hits you but does no damage.
You barely miss the hobgoblin. The hobgoblin barely misses you.
You scratch the hobgoblin but do no damage.
You claw the hobgoblin.
The hobgoblin is severely wounded.
The hobgoblin hits you but does no damage.
You scratch the hobgoblin.
You kill the hobgoblin!
You see here a bat corpse.
You now have 51 gold pieces (gained 9).
Found a stone staircase leading down.
A giant cockroach comes into view.
A giant cockroach is nearby!
You completely miss the giant cockroach.
The giant cockroach barely misses you.
You scratch the giant cockroach.
The giant cockroach is moderately wounded.
The giant cockroach bites you but does no damage.
You scratch the giant cockroach. You claw the giant cockroach.
You kill the giant cockroach!
Your Unarmed Combat skill increases to level 2!
You see here a giant cockroach corpse. 3 gnolls come into view.
Found a green potion.
The gnoll shouts! x2; You hear a shout!
1169 ||| Stepping ~*~*~tactically~*~*~ (hiding).
You start waiting.
A gnoll is nearby!
A gnoll comes into view. It is wielding a +0 spear.
The gnoll shouts!
The gnoll barely misses you.
The gnoll hits you from afar with a +0 spear.
The gnoll hits you with a +0 halberd. The gnoll hits you with a +0 flail!
You closely miss the gnoll. The gnoll hits you with a +0 halberd.
The gnoll hits you but does no damage.
You closely miss the gnoll. The gnoll hits you with a +0 halberd.
You die...

##### . ...g#
#...#.g########
#..gg@......#
######.####.#
#...# ###.##
######..#
#....##%##
#....##..##
#....###..#
#......##.#


You could see 4 gnolls.

Vanquished Creatures
  2 endoplasms (D:1)
  2 giant cockroaches
  A hobgoblin (D:2)
  2 kobolds (D:1)
  A ball python (D:1)
  4 bats
  A frilled lizard (D:1)
  A goblin (D:1)
14 creatures vanquished.

Notes
Turn   | Place    | Note
-------+----------+-------------------------------------------
     0 | D:1      | qw the Ghoul Enchanter began the quest for the Orb.
     0 | D:1      | Reached XP level 1. HP: 14/14 MP: 2/2
     0 | D:1      | 0 ||| qw: Version: 0.1-a-103-gd6f5d3a
     0 | D:1      | 0 ||| qw: Game counter: 5609
     0 | D:1      | 0 ||| qw: Always use a shield: true
     0 | D:1      | 0 ||| qw: God list: Okawaru
     0 | D:1      | 0 ||| qw: Allow faded altars: false
     0 | D:1      | 0 ||| qw: Do Orc after D:15 true
     0 | D:1      | 0 ||| qw: Do second Lair branch before Depths: true
     0 | D:1      | 0 ||| qw: Lair rune preference: random
     0 | D:1      | 0 ||| qw: Plans: Normal
     0 | D:1      | 0 ||| PLANNING D:1-11
     1 | D:1      | 1 ||| DROPPING +1 dagger.
    94 | D:1      | Found a faded altar of an unknown god.
   108 | D:1      | 108 ||| Stepping ~*~*~tactically~*~*~ (outnumbered).
   513 | D:1      | Reached skill level 1 in Unarmed Combat
   587 | D:1      | Reached skill level 1 in Fighting
   587 | D:1      | Reached XP level 2. HP: 16/23 MP: 3/3
  1059 | D:1      | 1059 ||| UPGRADING to +0 ring mail.
  1069 | D:1      | 1069 ||| DROPPING +0 robe.
  1070 | D:1      | 1070 ||| UPGRADING to +0 cloak.
  1075 | D:1      | 1075 ||| UPGRADING to +0 chain mail.
  1085 | D:1      | 1085 ||| DROPPING +0 ring mail.
  1086 | D:1      | 1086 ||| READING scroll labelled NOIBBI OGIYRUM.
  1087 | D:1      | 1087 ||| READING 2 scrolls labelled COGGYMIUCH.
  1088 | D:1      | 1088 ||| READING scroll labelled BERISO FUQIANO.
  1093 | D:1      | 1093 ||| READING scroll labelled YBOYMUWKAV.
  1094 | D:1      | 1094 ||| DROPPING 2 potions of invisibility.
  1095 | D:1      | 1095 ||| DROPPING scroll of magic mapping.
  1169 | D:2      | 1169 ||| Stepping ~*~*~tactically~*~*~ (hiding).
  1173 | D:2      | HP: 2/23 [gnoll/+0 halberd (6)]
  1174 | D:2      | Slain by a gnoll

Levels and vault maps discovered:
D:1:      shiori_arrival_oz, layout_loops_ring,
          hellmonk_ecumenical_altar_arch_garden
D:2:      layout_rooms, uniq_natasha

Skill      XL: |  1  2 |
---------------+-------+-----
Unarmed Combat | 1 2 |  2.0
Fighting       | 1 |  1.0
Short Blades   | |  0.8
Dodging        | |  1.7
Stealth        | |  3.2
Spellcasting   | |  1.7
Hexes          | |  2.4

Action                   || total
-------------------------++-------
Melee: Unarmed           ||    50
       Punch             ||     2
  Use: Scroll            ||     4
Armor: Robe              ||    11
       Chain mail        ||     4
Dodge: Dodged            ||    38

Table legend:
 A = Non-vault XP
 B = Vault XP
 C = Vault XP percentage of total XP
 D = Non-vault monster count
 E = Vault monster count
 F = Vault count percentage of total count
                 A         B        C        D         E       F
            +---------+---------+-------+---------+---------+-------
      Total |      24 |       0 |   0.0 |      14 |       0 |   0.0
            +---------+---------+-------+---------+---------+-------
        D:1 |      18 |       0 |   0.0 |      11 |       0 |   0.0
        D:2 |       6 |       0 |   0.0 |       3 |       0 |   0.0
            +---------+---------+-------+---------+---------+-------
